3A
PROVO MANGO @ DELAWARE 1787 BC
08/19/2028
 
TOP OF THE 1ST
Provo Mango batting - Pitching for Delaware 1787 BC : RHP Lincoln Spooner
Pitching: RHP Lincoln Spooner
Batting: RHB Michael Sweeney 0-0: Called Strike
0-1: Ball
1-1: Ball
2-1: Ball
3-1: Ground out 5-3 (Groundball, 5S)
Batting: RHB Hatui Haunani 0-0: Ball
1-0: Called Strike
1-1: Ball
2-1: Ball
3-1: Fly out, F7 (Flyball, 78XD)
Batting: LHB Andrés Garza 0-0: Ball
1-0: Ground out 4-3 (Groundball, 4S)
Top of the 1st over - 0 run(s), 0 hit(s), 0 error(s), 0 left on base; Provo 0 - Delaware 0
BOTTOM OF THE 1ST
Delaware 1787 BC batting - Pitching for Provo Mango : RHP Steve Battle
Pitching: RHP Steve Battle
Batting: RHB Jesús Guzmán 0-0: Ball
1-0: SINGLE (Flyball, 8RS)
Batting: RHB John Willoughby 0-0: Fly out, F7 (Flyball, 78S)
Batting: RHB Eddie Sachs 0-0: Ball
Jesús Guzmán steals 2nd base
1-0: Ground out 5-3 (Groundball, 56S)
Jesús Guzmán to third
Batting: LHB Kelvin Abbott 0-0: Called Strike
0-1: Ball
1-1: Ball
2-1: Foul Ball, location: 2F
2-2: Ball
3-2: Base on Balls
Batting: RHB Mikko Haataja 0-0: Called Strike
0-1: Ball
1-1: Ball
2-1: SINGLE (Line Drive, 9S)
Jesús Guzmán scores
Kelvin Abbott to second
Batting: LHB Donovan Inman 0-0: Ball
1-0: Called Strike
1-1: Called Strike
1-2: Strikes out swinging
Bottom of the 1st over - 1 run(s), 2 hit(s), 0 error(s), 2 left on base; Provo 0 - Delaware 1
TOP OF THE 2ND
Provo Mango batting - Pitching for Delaware 1787 BC : RHP Lincoln Spooner
Batting: RHB Xi-ku See-to 0-0: Ball
1-0: Foul Ball, location: 2F
1-1: Ball
2-1: Ball
3-1: Foul Ball, location: 2F
3-2: SINGLE (Line Drive, 6MD)
Batting: RHB Francisco Guerra 0-0: Called Strike
0-1: Foul Ball, location: 2F
0-2: Ball
1-2: Strikes out looking
Batting: SHB Tomás Solorzano 0-0: Called Strike
0-1: Foul Ball, location: 2F
0-2: Ball
1-2: Ground out 5-3 (Groundball, 56S)
Xi-ku See-to to second
Batting: SHB Tommy Dreamer 0-0: Foul Ball, location: 2F
0-1: Foul Ball, location: 2F
0-2: Strikes out swinging
Top of the 2nd over - 0 run(s), 1 hit(s), 0 error(s), 1 left on base; Provo 0 - Delaware 1
BOTTOM OF THE 2ND
Delaware 1787 BC batting - Pitching for Provo Mango : RHP Steve Battle
Batting: SHB Curt Pack 0-0: Ball
1-0: Ball
2-0: Called Strike
2-1: Ground out U3 (Groundball, 3)
Batting: RHB Toyozo Yamasaki 0-0: Ball
1-0: Swinging Strike
1-1: Ball
2-1: Swinging Strike
2-2: Ball
3-2: Foul Ball, location: 2F
3-2: Foul Ball, location: 2F
3-2: Foul Ball, location: 2F
3-2: Foul Ball, location: 2F
3-2: Ground out 6-3 (Groundball, 56)
Batting: RHB Elwiin Hund 0-0: Ball
1-0: Foul Ball, location: 2F
1-1: Ball
2-1: Ball
3-1: Foul Ball, location: 2F
3-2: Foul Ball, location: 2F
3-2: Strikes out swinging
Bottom of the 2nd over - 0 run(s), 0 hit(s), 0 error(s), 0 left on base; Provo 0 - Delaware 1
TOP OF THE 3RD
Provo Mango batting - Pitching for Delaware 1787 BC : RHP Lincoln Spooner
Batting: SHB Mike Waddingham 0-0: Fly out, F7 (Flyball, 7S)
Batting: LHB Jesús De Jesús 0-0: Ball
1-0: Fly out, F2 (Popup, 5S)
Batting: RHB Michael Sweeney 0-0: Called Strike
0-1: Ball
1-1: Ball
2-1: Ball
3-1: Base on Balls
Batting: RHB Hatui Haunani 0-0: Ball
1-0: Ball
2-0: Fly out, F6 (Line Drive, 6M)
Top of the 3rd over - 0 run(s), 0 hit(s), 0 error(s), 1 left on base; Provo 0 - Delaware 1
BOTTOM OF THE 3RD
Delaware 1787 BC batting - Pitching for Provo Mango : RHP Steve Battle
Batting: RHB Jesús Guzmán 0-0: Ball
1-0: Ball
2-0: Ground out 5-3 (Groundball, 5S)
Batting: RHB John Willoughby 0-0: Foul Ball, location: 2F
0-1: Ball
1-1: Fly out, F5 (Line Drive, 5)
Batting: RHB Eddie Sachs 0-0: Foul Ball, location: 2F
0-1: Ball
1-1: SINGLE (Groundball, 6D)
Batting: LHB Kelvin Abbott 0-0: Foul Ball, location: 2F
0-1: Foul Ball, location: 2F
0-2: Foul Ball, location: 2F
0-2: Strikes out swinging
Bottom of the 3rd over - 0 run(s), 1 hit(s), 0 error(s), 1 left on base; Provo 0 - Delaware 1
TOP OF THE 4TH
Provo Mango batting - Pitching for Delaware 1787 BC : RHP Lincoln Spooner
Batting: LHB Andrés Garza 0-0: Foul Ball, location: 2F
0-1: SINGLE (Groundball, 6MD)
Batting: RHB Xi-ku See-to 0-0: Ball
1-0: Called Strike
1-1: Ground out 6-3 (Groundball, 6S)
Andrés Garza to second
Batting: RHB Francisco Guerra 0-0: Ball
1-0: Foul Ball, location: 2F
1-1: Swinging Strike
1-2: Fly out, F8 (Flyball, 8LM)
Batting: SHB Tomás Solorzano 0-0: Called Strike
0-1: Ball
1-1: Foul Ball, location: 2F
1-2: Ball
2-2: Strikes out swinging
Top of the 4th over - 0 run(s), 1 hit(s), 0 error(s), 1 left on base; Provo 0 - Delaware 1
BOTTOM OF THE 4TH
Delaware 1787 BC batting - Pitching for Provo Mango : RHP Steve Battle
Batting: RHB Mikko Haataja 0-0: Ball
1-0: Swinging Strike
1-1: Foul Ball, location: 2F
1-2: Ball
2-2: Fly out, F8 (Flyball, 8RD)
Batting: LHB Donovan Inman 0-0: Ball
1-0: Called Strike
1-1: Ground out 4-3 (Groundball, 34)
Now at 2B: Guillermo Carrizales
Batting: SHB Curt Pack 0-0: Ground out U3 (Groundball, 34)
Bottom of the 4th over - 0 run(s), 0 hit(s), 0 error(s), 0 left on base; Provo 0 - Delaware 1
TOP OF THE 5TH
Provo Mango batting - Pitching for Delaware 1787 BC : RHP Lincoln Spooner
Batting: SHB Tommy Dreamer 0-0: Ground out U3 (Groundball, 3)
Batting: RHB Guillermo Carrizales 0-0: Fly out, F6 (Popup, 6D)
Batting: LHB Jesús De Jesús 0-0: Ball
1-0: Called Strike
1-1: Called Strike
1-2: Strikes out swinging
Top of the 5th over - 0 run(s), 0 hit(s), 0 error(s), 0 left on base; Provo 0 - Delaware 1
BOTTOM OF THE 5TH
Delaware 1787 BC batting - Pitching for Provo Mango : RHP Steve Battle
Batting: RHB Toyozo Yamasaki 0-0: Foul Ball, location: 2F
0-1: Swinging Strike
0-2: Ball
1-2: Strikes out swinging
Batting: RHB Elwiin Hund 0-0: Ball
1-0: Ball
2-0: Called Strike
2-1: Called Strike
2-2: Foul Ball, location: 2F
2-2: Foul Ball, location: 2F
2-2: Strikes out swinging
Batting: RHB Jesús Guzmán 0-0: Ball
1-0: Called Strike
1-1: Ball
2-1: Called Strike
2-2: Foul Ball, location: 2F
2-2: Strikes out swinging
Bottom of the 5th over - 0 run(s), 0 hit(s), 0 error(s), 0 left on base; Provo 0 - Delaware 1
TOP OF THE 6TH
Provo Mango batting - Pitching for Delaware 1787 BC : RHP Lincoln Spooner
Batting: RHB Michael Sweeney 0-0: Called Strike
0-1: Called Strike
0-2: Ball
1-2: Ball
2-2: Ball
3-2: Foul Ball, location: 2F
3-2: Base on Balls
Batting: RHB Hatui Haunani 0-0: Bunt missed!
0-1: Ball
1-1: Bunted foul
1-2: Ball
2-2: Strikes out swinging
Batting: LHB Andrés Garza 0-0: Ball
1-0: Ball
Michael Sweeney is caught stealing 2nd base
2-0: Foul Ball, location: 2F
2-1: Fly out, F7 (Flyball, 7S)
Top of the 6th over - 0 run(s), 0 hit(s), 0 error(s), 0 left on base; Provo 0 - Delaware 1
BOTTOM OF THE 6TH
Delaware 1787 BC batting - Pitching for Provo Mango : RHP Steve Battle
Batting: RHB John Willoughby 0-0: Called Strike
0-1: Ball
1-1: Ball
2-1: Ball
3-1: Fly out, F8 (Flyball, 8LM)
Batting: RHB Eddie Sachs 0-0: Ball
1-0: DOUBLE (Line Drive, 7LM)
Batting: LHB Kelvin Abbott 0-0: Intentional Walk
Batting: RHB Mikko Haataja 0-0: Ball
1-0: Ball
2-0: DOUBLE (Line Drive, 78D)
Eddie Sachs scores
Kelvin Abbott to third
Runner from 3rd tries for Home, SAFE, no throw
Batting: LHB Donovan Inman 0-0: Ground out 4-3 (Groundball, 4S)
Mikko Haataja to third
Batting: SHB Curt Pack 0-0: Ball
1-0: Foul Ball, location: 2F
1-1: Ball
2-1: Called Strike
2-2: Ball
3-2: Strikes out swinging
Bottom of the 6th over - 2 run(s), 2 hit(s), 0 error(s), 1 left on base; Provo 0 - Delaware 3
TOP OF THE 7TH
Provo Mango batting - Pitching for Delaware 1787 BC : RHP Lincoln Spooner
Batting: RHB Xi-ku See-to 0-0: Ball
1-0: Foul Ball, location: 2F
1-1: Ball
2-1: Ball
3-1: Foul Ball, location: 2F
3-2: Foul Ball, location: 2F
3-2: Strikes out swinging
Batting: RHB Francisco Guerra 0-0: Ball
1-0: Foul Ball, location: 2F
1-1: Foul Ball, location: 2F
1-2: Ball
2-2: SINGLE (Groundball, 6MD)
Batting: SHB Tomás Solorzano 0-0: Called Strike
0-1: Ball
1-1: Called Strike
1-2: Strikes out swinging
Batting: SHB Tommy Dreamer 0-0: Called Strike
0-1: Ball
1-1: Called Strike
1-2: Ball
2-2: Strikes out swinging
Top of the 7th over - 0 run(s), 1 hit(s), 0 error(s), 1 left on base; Provo 0 - Delaware 3
BOTTOM OF THE 7TH
Delaware 1787 BC batting - Pitching for Provo Mango : RHP Steve Battle
Batting: RHB Toyozo Yamasaki 0-0: Ball
1-0: Ball
2-0: Called Strike
2-1: Called Strike
2-2: Ball
3-2: Base on Balls
Batting: RHB Elwiin Hund 0-0: Bunted foul
0-1: Ball
1-1: Bunted foul
1-2: SINGLE (Groundball, 6MD)
Toyozo Yamasaki to second
Pitching: RHP Héctor Barrera
Batting: RHB Jesús Guzmán 0-0: TRIPLE (Line Drive, 8RM)
Toyozo Yamasaki scores
Elwiin Hund scores
Batting: RHB John Willoughby 0-0: Called Strike
0-1: Fly out, F9 (Flyball, 9LSF)
Runner from 3rd tags up, SCORES, no throw
Batting: RHB Eddie Sachs 0-0: Ball
1-0: Swinging Strike
1-1: Swinging Strike
1-2: Ball
2-2: DOUBLE (Flyball, 8RD)
Batting: LHB Kelvin Abbott 0-0: Ball
1-0: Ball
2-0: Foul Ball, location: 2F
2-1: Fly out, F2 (Popup, 25)
Batting: RHB Mikko Haataja 0-0: Called Strike
0-1: Called Strike
0-2: Ball
1-2: Ball
2-2: Strikes out swinging
Bottom of the 7th over - 3 run(s), 3 hit(s), 0 error(s), 1 left on base; Provo 0 - Delaware 6
TOP OF THE 8TH
Provo Mango batting - Pitching for Delaware 1787 BC : RHP Lincoln Spooner
Batting: RHB Guillermo Carrizales 0-0: Ground out 4-3 (Groundball, 4)
Batting: LHB Jesús De Jesús 0-0: Called Strike
0-1: Foul Ball, location: 2F
0-2: Strikes out swinging
Batting: RHB Michael Sweeney 0-0: Called Strike
0-1: Swinging Strike
0-2: Ball
1-2: Ball
2-2: Fly out, F9 (Flyball, 89M)
Top of the 8th over - 0 run(s), 0 hit(s), 0 error(s), 0 left on base; Provo 0 - Delaware 6
BOTTOM OF THE 8TH
Delaware 1787 BC batting - Pitching for Provo Mango : RHP Héctor Barrera
Batting: LHB Donovan Inman 0-0: Called Strike
0-1: Foul Ball, location: 2F
0-2: Foul Ball, location: 2F
0-2: Ball
1-2: Foul Ball, location: 2F
1-2: Foul Ball, location: 2F
1-2: Foul Ball, location: 2F
1-2: Ball
2-2: Ground out 4-3 (Groundball, 4)
Batting: SHB Curt Pack 0-0: Ball
1-0: Ball
2-0: Ball
3-0: Base on Balls
Batting: RHB Toyozo Yamasaki 0-0: Called Strike
0-1: Ball
1-1: SINGLE (Groundball, 3D)
Curt Pack to second
Throwing error, E9
Curt Pack scores
Toyozo Yamasaki to second
Batting: RHB Elwiin Hund 0-0: Swinging Strike
0-1: Ground out 4-3 (Groundball, 4)
Toyozo Yamasaki to third
Batting: RHB Jesús Guzmán 0-0: Ball
1-0: Called Strike
1-1: Foul Ball, location: 2F
1-2: SINGLE (Line Drive, 56D)
Toyozo Yamasaki scores
Batting: RHB John Willoughby 0-0: Called Strike
0-1: Called Strike
0-2: Ball
Throwing error on steal attempt, E2
Jesús Guzmán to third
1-2: Strikes out swinging
Bottom of the 8th over - 2 run(s), 2 hit(s), 2 error(s), 1 left on base; Provo 0 - Delaware 8
TOP OF THE 9TH
Provo Mango batting - Pitching for Delaware 1787 BC : RHP Lincoln Spooner
Now at C: Randy Sheffield
Now in LF: Tobias Jimenez
Batting: RHB Hatui Haunani 0-0: Ball
1-0: Foul Ball, location: 2F
1-1: Ground out 5-3 (Groundball, 5)
Batting: LHB Andrés Garza 0-0: Ball
1-0: Ball
2-0: Ball
3-0: Called Strike
3-1: Ground out 6-3 (Groundball, 6)
Batting: RHB Xi-ku See-to 0-0: Swinging Strike
0-1: Foul Ball, location: 2F
0-2: Fly out, F6 (Line Drive, 6)
Top of the 9th over - 0 run(s), 0 hit(s), 0 error(s), 0 left on base; Provo 0 - Delaware 8
Monday, August 28th, 2017 - OOTP Baseball 17.12 Build 75